[Event "Titled Tuesday Blitz August 15 Late 2023"]
[White "Musovic, Armin"]
[Black "Vafin, Ayrat"]
[WhiteFideId "939935"]
[BlackFideId "4146530"]
[WhiteElo "2538"]
[BlackElo "2441"]
[Result "1-0"]
[Round "9"]
[TimeControl "180+1"]
[Date "2023.08.15"]
[WhiteClock "0:00:07"]
[BlackClock "0:00:05"]
[Board "64"]

1. a3 d5 2. Nc3 d4 3. Ne4 Nf6 4. d3 Nxe4 5. dxe4 e5 6. Nf3 Nc6 7. e3 Bg4 8. Bb5 dxe3 9. Bxc6+ bxc6 10. Qxd8+ Rxd8 11. Bxe3 Bxf3 12. gxf3 a6 13. Rd1 Rxd1+ 14. Kxd1 Bd6 15. c4 Kd7 16. Kc2 Ke6 17. Kc3 f5 18. c5 Be7 19. Kc4 f4 20. Bd2 Rd8 21. Bc3 Bh4 22. Rf1 g6 23. b4 g5 24. a4 h5 25. h3 Rd7 26. Rg1 Rg7 27. Rg2 Rd7 28. Rg1 Kf6 29. b5 axb5+ 30. axb5 cxb5+ 31. Kxb5 Rd3 32. Ba5 Bxf2 33. Rf1 Rxf3 34. Bxc7 Rb3+ 35. Kc4 Rb2 36. Bd6 g4 37. hxg4 hxg4 38. Rd1 g3 39. Kd5 Bd4 40. c6 g2 41. c7 Rc2 42. Rd2 Rxc7 43. Rxg2 Rd7 44. Rg8 f3 45. Rf8+ Kg7 46. Rxf3 Kg6 47. Ke6 Ra7 48. Rg3+ Kh6 49. Kf6 Kh5 50. Kf5 Kh4 51. Rg4+ Kh3 52. Rg6 Ra5 53. Be7 Bc3 54. Bf6 Bd4 55. Rg8 Ra2 56. Rd8 Rf2+ 57. Ke6 Ra2 58. Bxe5 Ra6+ 59. Kf5 Bxe5 60. Kxe5 Kg4 61. Rf8 Ra5+ 62. Ke6 Ra8 63. Rxa8 Kf4 64. Ra4 Ke3 65. Kd6 1-0


[Site "https://www.chess.com"]

[Event "Titled Tuesday Blitz August 15 Late 2023"]
[White "Mazurkiewicz, Michal"]
[Black "Sreyas Payyappat"]
[WhiteFideId "1124943"]
[BlackFideId "46674969"]
[WhiteElo "2434"]
[BlackElo "2537"]
[Result "0-1"]
[Round "9"]
[TimeControl "180+1"]
[Date "2023.08.15"]
[WhiteClock "0:00:04"]
[BlackClock "0:00:45"]
[Board "65"]

1. e4 c6 2. d3 d5 3. Nd2 e5 4. Ngf3 Bd6 5. d4 exd4 6. exd5 c5 7. Bb5+ Bd7 8. Qe2+ Ne7 9. Ne4 Qb6 10. Nxd6+ Qxd6 11. b4 O-O 12. O-O Nxd5 13. bxc5 Qxc5 14. Bxd7 Nxd7 15. Qd3 Nc3 16. Bd2 Ne5 17. Nxe5 Qxe5 18. Rfe1 Qf6 19. Bxc3 dxc3 20. Rab1 Rfe8 21. h3 g6 22. Rxe8+ Rxe8 23. Rxb7 Re1+ 24. Kh2 Qxf2 25. Rb8+ Kg7 26. Qxc3+ Kh6 27. Rb3 Qg1+ 28. Kg3 Re2 29. Qf3 Qe1+ 30. Kh2 Qd2 31. Qg3 Qxc2 32. Rb5 Kg7 33. Qb3 Rxg2+ 34. Kh1 Rh2+ 35. Kg1 Qf2# 0-1


[Site "https://www.chess.com"]

[Event "Titled Tuesday Blitz August 15 Late 2023"]
[White "Baghdasaryan, Vahe"]
[Black "Grinev, Valeriy"]
[WhiteFideId "13303139"]
[BlackFideId "14117517"]
[WhiteElo "2429"]
[BlackElo "2520"]
[Result "1-0"]
[Round "9"]
[TimeControl "180+1"]
[Date "2023.08.15"]
[WhiteClock "0:01:51"]
[BlackClock "0:02:00"]
[Board "66"]

1. e4 c5 2. c3 Nf6 3. e5 Nd5 4. Nf3 Nc6 5. Bc4 Nb6 6. Bb3 c4 7. Bc2 d5 8. exd6 Qxd6 9. O-O Bg4 10. Re1 e6 11. Na3 a6 12. Re4 Bf5 13. Nxc4 Qc5 14. b4 Bxe4 15. bxc5 Bxc2 16. Qxc2 Nxc4 17. d4 b5 18. a4 Rb8 19. Qe4 Kd7 20. d5 N6a5 21. dxe6+ fxe6 22. Bf4 Bxc5 23. Rd1+ Kc8 24. Qxe6+ Kb7 25. Rd7+ Ka8 26. Qxa6+ Ba7 27. Rxa7# 1-0


[Site "https://www.chess.com"]

[Event "Titled Tuesday Blitz August 15 Late 2023"]
[White "Berezin, Viktor"]
[Black "Arnold, Ken"]
[WhiteFideId "14107872"]
[BlackFideId "2056836"]
[WhiteElo "2503"]
[BlackElo "2413"]
[Result "0-1"]
[Round "9"]
[TimeControl "180+1"]
[Date "2023.08.15"]
[WhiteClock "0:00:22"]
[BlackClock "0:00:10"]
[Board "67"]

1. Nf3 c6 2. g3 Nf6 3. Bg2 g6 4. O-O Bg7 5. d3 d5 6. Nbd2 O-O 7. e4 dxe4 8. dxe4 Bg4 9. h3 Bxf3 10. Qxf3 Nbd7 11. Re1 Qc7 12. Qe2 e5 13. Nc4 b5 14. Ne3 Nc5 15. Ng4 Rfe8 16. Bg5 Nxg4 17. Qxg4 Ne6 18. Be3 a5 19. c3 a4 20. a3 Rad8 21. Rad1 h5 22. Qe2 Bf8 23. Rxd8 Rxd8 24. Rd1 Bc5 25. Bc1 Rd6 26. Bf3 Qd8 27. Rxd6 Qxd6 28. Kg2 Qd7 29. Be3 Qa7 30. Bh6 Bf8 31. Be3 Qd7 32. Qc2 Kh7 33. Be2 Bh6 34. Qc1 Bxe3 35. Qxe3 Kg7 36. f4 Qd6 37. f5 Nc5 38. g4 hxg4 39. hxg4 f6 40. fxg6 Kxg6 41. Kg3 Ne6 42. c4 Qd4 43. Kf2 Qxe3+ 44. Kxe3 Nd4 45. Bd1 Kg5 46. cxb5 cxb5 47. Kd3 Kf4 48. Kc3 Kxe4 49. Kb4 Kd3 50. Kc5 e4 0-1


[Site "https://www.chess.com"]

[Event "Titled Tuesday Blitz August 15 Late 2023"]
[White "Avila Rodriguez, Joshua Ad"]
[Black "sebastianmarinp"]
[WhiteFideId "5126444"]
[WhiteElo "2498"]
[BlackElo "2406"]
[Result "0-1"]
[Round "9"]
[TimeControl "180+1"]
[Date "2023.08.15"]
[WhiteClock "0:00:08"]
[BlackClock "0:00:08"]
[Board "68"]

1. e4 c5 2. Nf3 d6 3. d4 cxd4 4. Nxd4 Nf6 5. Nc3 g6 6. Be3 Bg7 7. f3 O-O 8. Qd2 Nc6 9. O-O-O d5 10. exd5 Nxd5 11. Nxc6 bxc6 12. Bd4 Nxc3 13. Qxc3 Bh6+ 14. Be3 Bxe3+ 15. Qxe3 Qb6 16. Qc3 Be6 17. a3 Rfd8 18. Re1 Rab8 19. h4 Rd5 20. Bd3 a5 21. b3 a4 22. b4 c5 23. h5 cxb4 24. axb4 Qxb4 25. Qxb4 Rxb4 26. hxg6 hxg6 27. Bxg6 a3 28. Bh7+ Kg7 29. Bd3 Bf5 30. Kd2 Bxd3 31. cxd3 Rb2+ 32. Kc3 Rc5+ 33. Kd4 Ra5 34. Re4 Rxg2 35. Ke3 a2 36. Ra1 Kf6 37. Rf4+ Ke6 38. Rb4 Kd6 39. Rb6+ Kc5 40. Rb7 Kd6 41. Rb6+ Kc7 42. Rb4 Re5+ 43. Kd4 Ree2 44. Rc4+ Kd6 45. Ra4 e5+ 46. Kc3 Rb2 47. Ra6+ Ke7 48. Ra7+ Kf6 49. Ra6+ Kf5 50. d4 Rgc2+ 51. Kd3 Rd2+ 52. Kc4 Rxd4+ 53. Kc5 Rdd2 54. Ra7 f6 55. Ra8 Rdc2+ 56. Kd6 Rb6+ 57. Ke7 Rc7+ 58. Kf8 Rb3 59. R1xa2 Rxf3 60. R2a6 Ke4 61. Rb8 Kf5 62. Rbb6 Rh3 63. Rxf6+ Ke4 64. Kg8 Rg3+ 65. Kh8 Rh3+ 66. Kg8 Rhh7 67. Rg6 Rhd7 68. Kh8 Rc8+ 69. Rg8 Rxg8+ 70. Kxg8 Ke3 71. Kf8 e4 72. Ke8 Rb7 73. Rd6 Kf3 74. Rf6+ Ke2 75. Ra6 e3 76. Ra2+ Kf1 77. Ra1+ Kf2 78. Ra6 e2 79. Rf6+ Ke1 80. Rf5 Rb3 81. Ke7 Kd2 82. Rd5+ Rd3 83. Re5 e1=Q 84. Rxe1 Kxe1 85. Kf6 Ke2 86. Ke5 Ke3 87. Kf5 Rd5+ 88. Ke6 Ke4 89. Kf6 Rd6+ 90. Ke7 Ke5 91. Kf7 Rd7+ 92. Ke8 Ke6 93. Kf8 Rb7 94. Kg8 Kf6 95. Kh8 Kg6 96. Kg8 Rb8# 0-1


[Site "https://www.chess.com"]

[Event "Titled Tuesday Blitz August 15 Late 2023"]
[White "Mikhalsky, Vladimir"]
[Black "arenal72"]
[WhiteFideId "14144352"]
[WhiteElo "2401"]
[BlackElo "2495"]
[Result "0-1"]
[Round "9"]
[TimeControl "180+1"]
[Date "2023.08.15"]
[WhiteClock "0:00:29"]
[BlackClock "0:01:11"]
[Board "69"]

1. d4 d6 2. e4 Nf6 3. Nc3 e5 4. Nf3 exd4 5. Nxd4 Be7 6. Bc4 O-O 7. O-O c6 8. a4 d5 9. exd5 cxd5 10. Bd3 Nc6 11. Nf5 Bb4 12. Bg5 Bxc3 13. bxc3 h6 14. Bh4 Ne5 15. Re1 Ng6 16. Bg3 Ne4 17. Bxe4 dxe4 18. Nd6 f5 19. Nxc8 Rxc8 20. Bd6 Rf7 21. Bb4 Rd7 22. Qh5 Qf6 23. a5 Nf4 0-1


[Site "https://www.chess.com"]

[Event "Titled Tuesday Blitz August 15 Late 2023"]
[White "elpera"]
[Black "Carrasco Miranda, Andres"]
[BlackFideId "3405990"]
[WhiteElo "2491"]
[BlackElo "2353"]
[Result "0-1"]
[Round "9"]
[TimeControl "180+1"]
[Date "2023.08.15"]
[WhiteClock "0:00:01"]
[BlackClock "0:00:28"]
[Board "70"]

1. d4 Nf6 2. Bg5 d5 3. e3 c5 4. Bxf6 gxf6 5. dxc5 e6 6. c4 dxc4 7. Nd2 Bxc5 8. Bxc4 Nc6 9. Ngf3 f5 10. O-O O-O 11. Rc1 Be7 12. a3 a5 13. Qe2 Bf6 14. b3 Qe7 15. Rfd1 Qxa3 16. Nb1 Qe7 17. Nc3 Bd7 18. Nb5 Kh8 19. Rd2 Ne5 20. Nxe5 Bxe5 21. Rcd1 Bc6 22. g3 Rg8 23. Nd4 Be8 24. Nf3 Bc3 25. Rd3 Bf6 26. Rd6 Bc6 27. Bb5 Rad8 28. Bxc6 Rxd6 29. Rxd6 Qxd6 30. Bxb7 Rb8 31. Qa6 Qxa6 32. Bxa6 Rxb3 0-1


[Site "https://www.chess.com"]

[Event "Titled Tuesday Blitz August 15 Late 2023"]
[White "Pinheiro, Iung Alicio de O."]
[Black "Tomb, Maroun"]
[WhiteFideId "2104350"]
[BlackFideId "5300398"]
[WhiteElo "2581"]
[BlackElo "2488"]
[Result "1-0"]
[Round "9"]
[TimeControl "180+1"]
[Date "2023.08.15"]
[WhiteClock "0:00:03"]
[BlackClock "0:00:00"]
[Board "71"]

1. e4 c5 2. Nf3 Nc6 3. b4 cxb4 4. d4 d5 5. exd5 Qxd5 6. c4 bxc3 7. Nxc3 Qa5 8. Rb1 e6 9. Bd2 Nf6 10. Bb5 Bd7 11. d5 exd5 12. Nxd5 Qd8 13. Nxf6+ Qxf6 14. O-O Bd6 15. Bg5 Qg6 16. Re1+ Kf8 17. Bd3 f5 18. Rxb7 Be8 19. Bxf5 Qxf5 20. Qxd6+ Kg8 21. h3 h6 22. Rxe8+ Rxe8 23. Qxc6 Kh7 24. Be3 Re6 25. Qb5 Qe4 26. Qb1 Qxb1+ 27. Rxb1 Ra6 28. Rb2 Rc8 29. Nd4 Rc4 30. Nc2 Rca4 31. a3 Rc6 32. Nd4 Rc3 33. Nb5 Rd3 34. Bxa7 Rd5 35. Be3 Ra5 36. Nc3 Rd3 37. Nb5 Rd5 38. a4 Rd1+ 39. Kh2 Ra1 40. Nc3 Ra3 41. Bd4 Ra6 42. Rb7 Rg6 43. h4 h5 44. Kh3 Rg4 45. Be5 Kh6 46. f3 Rg6 47. Ne4 Rxa4 48. Rb8 Re6 49. Rh8+ Kg6 50. Bf4 Kf7 51. Kg3 Rb6 52. Ng5+ Kg6 53. Re8 1-0


[Site "https://www.chess.com"]

[Event "Titled Tuesday Blitz August 15 Late 2023"]
[White "Kovacevic, Radmila"]
[Black "Hajiyev, Kanan"]
[WhiteFideId "933171"]
[BlackFideId "13404148"]
[WhiteElo "2259"]
[BlackElo "2538"]
[Result "1-0"]
[Round "9"]
[TimeControl "180+1"]
[Date "2023.08.15"]
[WhiteClock "0:00:03"]
[BlackClock "0:00:04"]
[Board "72"]

1. e4 c6 2. d4 d5 3. e5 a6 4. Be3 Bf5 5. Nd2 e6 6. c3 Nd7 7. b4 a5 8. a3 b6 9. g4 Bg6 10. Nh3 f6 11. Nf4 Bf7 12. Nf3 fxe5 13. Nxe5 Nxe5 14. dxe5 Ne7 15. Bd3 Ng6 16. Bxg6 hxg6 17. g5 Qxg5 18. Nxd5 Qxe5 19. Nxb6 Qxc3+ 20. Bd2 Qe5+ 21. Be3 Rd8 22. Qc1 Qe4 23. Rg1 axb4 24. f3 Qxf3 25. Rf1 Rd1+ 26. Qxd1 Qxe3+ 27. Qe2 Qxb6 28. Qf3 Qc7 29. Rc1 c5 30. axb4 Rxh2 31. bxc5 Qa5+ 32. Qc3 Qa2 33. Qd3 Be7 34. Qb5+ Kf8 35. Qb8+ Bd8 36. Qxd8# 1-0


[Site "https://www.chess.com"]

[Event "Titled Tuesday Blitz August 15 Late 2023"]
[White "Martin Barcelo, Carles"]
[Black "Bochnicka, Vladimir"]
[WhiteFideId "24561444"]
[BlackFideId "14943450"]
[WhiteElo "2513"]
[BlackElo "2460"]
[Result "0-1"]
[Round "9"]
[TimeControl "180+1"]
[Date "2023.08.15"]
[WhiteClock "0:00:00"]
[BlackClock "0:00:17"]
[Board "73"]

1. e4 c5 2. Nc3 Nc6 3. Bb5 Nd4 4. Nf3 Nxb5 5. Nxb5 a6 6. Nc3 g6 7. d4 cxd4 8. Qxd4 Nf6 9. e5 Nh5 10. Bg5 h6 11. Be3 Ng7 12. g4 Ne6 13. Qd2 Bg7 14. O-O-O b5 15. h4 Bb7 16. Nd5 Kf8 17. Kb1 d6 18. Bb6 Qd7 19. Rhe1 Rc8 20. a3 h5 21. g5 Kg8 22. exd6 Qxd6 23. Ba5 Rc5 24. Bb4 Qxd5 25. Bxc5 Qxd2 26. Nxd2 Nxc5 27. Nb3 Nxb3 28. cxb3 e6 29. Rd7 Bd5 30. Rc1 Be5 31. Rc5 Bxb3 32. Rxe5 Kg7 33. Rc5 Bc4 0-1


[Site "https://www.chess.com"]

[Event "Titled Tuesday Blitz August 15 Late 2023"]
[White "Santos Flores, Alberto"]
[Black "Jakic, Ivan"]
[WhiteFideId "3601234"]
[BlackFideId "14504901"]
[WhiteElo "2511"]
[BlackElo "2450"]
[Result "1/2-1/2"]
[Round "9"]
[TimeControl "180+1"]
[Date "2023.08.15"]
[WhiteClock "0:00:56"]
[BlackClock "0:01:13"]
[Board "74"]

1. e4 c5 2. Nf3 d6 3. Bb5+ Nc6 4. Bxc6+ bxc6 5. O-O e5 6. d3 f5 7. exf5 Bxf5 8. Nc3 Nf6 9. Ne1 Be7 10. f4 e4 11. dxe4 Nxe4 12. Nxe4 Bxe4 13. Qe2 d5 14. Nd3 O-O 15. Bd2 c4 16. Ne5 Bxc2 17. Nxc6 Qb6+ 18. Be3 Bc5 19. Bxc5 Qxc5+ 20. Qf2 Qxc6 21. Qxc2 d4 22. Rac1 Rac8 23. Qd2 Qd5 24. Rfe1 d3 25. g3 Rfe8 26. Rxe8+ Rxe8 27. Re1 Qd4+ 28. Kg2 Rxe1 29. Qxe1 Qxb2+ 30. Kf3 Kf7 31. Qe4 Qb5 32. Qd4 Qc6+ 33. Kg4 Qe6+ 34. f5 Qe2+ 35. Kf4 d2 36. Qd7+ Kf6 37. Qd6+ Kf7 38. Qd7+ Kf8 39. Qd8+ Kf7 40. Qd7+ 1/2-1/2


[Site "https://www.chess.com"]

[Event "Titled Tuesday Blitz August 15 Late 2023"]
[White "Pesotskiy, Mikhail"]
[Black "Karamsetty, Jeevan"]
[WhiteFideId "34164453"]
[BlackFideId "2025337"]
[WhiteElo "2432"]
[BlackElo "2510"]
[Result "0-1"]
[Round "9"]
[TimeControl "180+1"]
[Date "2023.08.15"]
[WhiteClock "0:00:00"]
[BlackClock "0:00:16"]
[Board "75"]

1. d4 Nf6 2. c4 e6 3. Nc3 Bb4 4. Qc2 d5 5. a3 Bxc3+ 6. Qxc3 O-O 7. Bg5 h6 8. Bxf6 Qxf6 9. Nf3 Nc6 10. e3 Re8 11. Rd1 a6 12. Be2 b6 13. Ne5 Bb7 14. cxd5 exd5 15. Nxc6 Bxc6 16. O-O Re6 17. Rc1 Qe7 18. Qb4 Qg5 19. Rc2 Rg6 20. g3 Re8 21. Bxa6 h5 22. Rfc1 Ree6 23. Bd3 Rgf6 24. Bb5 Bxb5 25. Qxb5 h4 26. Rxc7 hxg3 27. hxg3 Rxe3 28. R7c3 Rxf2 29. Kxf2 Qxg3+ 30. Kf1 Qf4+ 31. Kg1 Qxd4 32. Rc8+ Kh7 33. Qf1 Rg3+ 0-1


[Site "https://www.chess.com"]

[Event "Titled Tuesday Blitz August 15 Late 2023"]
[White "Radivojevic, Ivan"]
[Black "Reprintsev, Alexander"]
[WhiteFideId "928461"]
[BlackFideId "14100541"]
[WhiteElo "2410"]
[BlackElo "2497"]
[Result "1-0"]
[Round "9"]
[TimeControl "180+1"]
[Date "2023.08.15"]
[WhiteClock "0:00:05"]
[BlackClock "0:00:00"]
[Board "76"]

1. e4 d5 2. exd5 Qxd5 3. Nc3 Qd6 4. d4 c6 5. g3 Bf5 6. Bf4 Qb4 7. Rb1 e6 8. Bg2 Nf6 9. a3 Qa5 10. Qd2 Nbd7 11. Nf3 Be7 12. O-O O-O 13. Rfe1 Rfe8 14. Ne5 Nxe5 15. dxe5 Rad8 16. Qe2 Nd5 17. Nxd5 cxd5 18. Rbd1 Qb6 19. c3 a5 20. h4 h6 21. Kh2 Bc5 22. Rf1 d4 23. cxd4 Rxd4 24. Rc1 Bd3 25. Qf3 Bxf1 26. Bxf1 Rdd8 27. Bd3 Bxf2 28. Qe4 Rxd3 29. Qxd3 Qxb2 30. Rc2 Qb6 31. Qf3 Bg1+ 32. Kh3 Bc5 33. Qg4 Bf8 34. Bxh6 Rd8 35. Bf4 Rd3 36. Qe2 Qd4 37. Qg4 Qg1 38. Qe2 Rxa3 39. h5 Qh1+ 40. Kg4 Ra1 41. Rc7 Rf1 42. Rc8 1-0


[Site "https://www.chess.com"]

[Event "Titled Tuesday Blitz August 15 Late 2023"]
[White "Fernandez Garcia, Gumersindo"]
[Black "Seletsky, Grigory"]
[WhiteFideId "24516740"]
[BlackFideId "14112191"]
[WhiteElo "2403"]
[BlackElo "2489"]
[Result "0-1"]
[Round "9"]
[TimeControl "180+1"]
[Date "2023.08.15"]
[WhiteClock "0:00:05"]
[BlackClock "0:01:29"]
[Board "77"]

1. e4 e6 2. d4 d5 3. Bd3 c6 4. Nc3 b6 5. Nf3 Ba6 6. Bxa6 Nxa6 7. O-O Nf6 8. Bg5 Be7 9. e5 Nd7 10. Bxe7 Qxe7 11. Qe2 Nc7 12. h4 O-O 13. Rad1 c5 14. Nb5 Nxb5 15. Qxb5 cxd4 16. Rxd4 Rfc8 17. c3 Nc5 18. Rg4 Ne4 19. Ng5 Nxg5 20. Rxg5 Rc4 21. f4 Qc5+ 22. Qxc5 bxc5 23. Rg3 Re4 24. Rgf3 g6 25. g3 h5 26. Kg2 a5 27. R1f2 a4 28. Rd2 Rb8 29. Rff2 Re3 30. Rfe2 Rxe2+ 31. Rxe2 c4 32. Kf3 a3 33. bxa3 Ra8 34. Ke3 Rxa3 35. Kd4 Kf8 36. Rc2 Ke7 37. Kc5 Kd7 38. Kb4 Ra8 39. a4 Kc6 40. a5 Rb8+ 41. Ka4 Rb1 42. Ra2 Kb7 43. Ra3 Ka6 44. Ra2 Rb3 45. Rc2 Rb5 46. g4 hxg4 47. Rg2 Rxa5+ 48. Kb4 Rb5+ 49. Ka4 Rb3 50. Rxg4 Rxc3 51. h5 gxh5 52. Rg5 Rf3 53. Rxh5 Rxf4 54. Kb4 Kb6 55. Rh8 Rf5 56. Rf8 Kc6 57. Kc3 Kd7 58. Kd4 Ke7 59. Ra8 Rf4+ 60. Kc3 Re4 61. Ra7+ Kf8 0-1


[Site "https://www.chess.com"]

[Event "Titled Tuesday Blitz August 15 Late 2023"]
[White "Merino Garcia, Rafael II"]
[Black "Kujawski, Adam"]
[WhiteFideId "2209128"]
[BlackFideId "1100920"]
[WhiteElo "2484"]
[BlackElo "2337"]
[Result "1-0"]
[Round "9"]
[TimeControl "180+1"]
[Date "2023.08.15"]
[WhiteClock "0:00:22"]
[BlackClock "0:00:00"]
[Board "78"]

1. d4 Nf6 2. Nf3 c5 3. d5 e6 4. Nc3 exd5 5. Nxd5 Nxd5 6. Qxd5 Be7 7. Bg5 O-O 8. Bxe7 Qxe7 9. O-O-O Nc6 10. e3 Nb4 11. Qb3 d5 12. a3 a5 13. axb4 axb4 14. c3 Bd7 15. Qxd5 Ra1+ 16. Kc2 b3+ 17. Qxb3 Ba4 18. Rxa1 Bxb3+ 19. Kxb3 b5 20. Bxb5 Rb8 21. c4 Qe6 22. Ra5 Qg6 23. Ne5 Qxg2 24. Rd1 Qxf2 25. Rd3 Qf1 26. Kc2 f6 27. Nc6 Qe2+ 28. Rd2 1-0


[Site "https://www.chess.com"]

[Event "Titled Tuesday Blitz August 15 Late 2023"]
[White "ciroreva-CB"]
[Black "Yeritsyan, Hayk"]
[BlackFideId "13307320"]
[WhiteElo "2349"]
[BlackElo "2481"]
[Result "1-0"]
[Round "9"]
[TimeControl "180+1"]
[Date "2023.08.15"]
[WhiteClock "0:00:03"]
[BlackClock "0:00:07"]
[Board "79"]

1. e4 c6 2. d4 d5 3. f3 e6 4. Nc3 Nf6 5. e5 Ng8 6. Nce2 c5 7. c3 Nc6 8. f4 Qb6 9. Nf3 Nh6 10. a3 cxd4 11. cxd4 Nf5 12. g4 Nfe7 13. Ng3 Bd7 14. b4 Rc8 15. Be3 Nb8 16. Qd2 Bb5 17. f5 Bxf1 18. Rxf1 h5 19. fxe6 Qxe6 20. Ng5 Qxg4 21. Nxf7 h4 22. Qe2 Qh3 23. Nh1 Nf5 24. Rxf5 Qxf5 25. Nxh8 Qh7 26. Qg4 Rc2 27. Qe6+ Be7 28. Qg6+ Qxg6 29. Nxg6 Nc6 30. Nf2 Bd8 31. Rc1 Rb2 32. Ng4 a6 33. e6 h3 34. N4e5 Bh4+ 35. Kf1 Bf6 36. Nxc6 bxc6 37. Rxc6 Rb3 38. Bf2 Rxa3 39. Rc8+ Bd8 40. Bh4 Rf3+ 41. Ke2 Rf6 42. Bxf6 gxf6 43. e7 Kf7 44. exd8=Q Kxg6 45. Qg8+ Kf5 46. Re8 Kf4 47. Qh7 f5 48. Qh4# 1-0


[Site "https://www.chess.com"]

[Event "Titled Tuesday Blitz August 15 Late 2023"]
[White "Hirneise, Jens"]
[Black "Martinez, Shawn"]
[WhiteFideId "24614734"]
[BlackFideId "2039770"]
[WhiteElo "2473"]
[BlackElo "2323"]
[Result "1/2-1/2"]
[Round "9"]
[TimeControl "180+1"]
[Date "2023.08.15"]
[WhiteClock "0:00:04"]
[BlackClock "0:00:06"]
[Board "80"]

1. d4 g6 2. Nf3 Bg7 3. c3 d6 4. Bf4 a6 5. e3 b6 6. Nbd2 Bb7 7. h3 Nd7 8. Bh2 e5 9. dxe5 dxe5 10. Qc2 Qe7 11. O-O-O Ngf6 12. Nc4 Ne4 13. Bd3 Nec5 14. e4 Nxd3+ 15. Qxd3 Bh6+ 16. Kb1 Nc5 17. Qe2 Bxe4+ 18. Ka1 f6 19. b4 Bd3 20. Rxd3 Nxd3 21. Qxd3 O-O 22. Re1 Rad8 23. Qe4 Bg7 24. Nb2 b5 25. Qc2 Qd7 26. Rd1 Qc6 27. Rxd8 Rxd8 28. Kb1 Bh6 29. c4 e4 30. Ne1 Rd2 31. Qc3 Rxf2 32. Bg3 Rf1 33. c5 Qd7 34. Kc2 e3 35. Qd3 Qxd3+ 36. Kxd3 f5 37. Ke2 Rh1 38. Nbd3 g5 39. Bxc7 Kf7 40. Be5 Ke6 41. Kxe3 g4+ 42. Ke2 gxh3 43. gxh3 Rxh3 44. c6 Rh2+ 45. Kd1 Rxa2 46. Bc3 Bf8 47. c7 Kd7 48. Be5 Kc8 49. Nf3 a5 50. bxa5 Rxa5 51. Nd4 b4 52. Nxf5 Rd5 53. Kc2 b3+ 54. Kc3 Rxe5 55. Nxe5 Kxc7 56. Kxb3 Kd8 57. Kc4 Ke8 58. Kd5 Ba3 59. Ke6 Bb2 60. Nf3 Kf8 61. Ng5 Kg8 62. Nf3 h5 63. Kd5 Kh7 64. Ke4 Kg6 65. N5h4+ Kh6 66. Kf5 Bc1 67. Ne5 Bd2 68. Nf7+ Kh7 69. Nd6 Kh6 70. Ne4 Bc1 71. Ke5 Bg5 72. Nf5+ Kg6 73. Nfg3 h4 74. Nf1 Kh5 75. Nf2 Bh6 76. Nh3 Kg4 77. Ng1 h3 78. Nxh3 Kxh3 1/2-1/2


[Site "https://www.chess.com"]

[Event "Titled Tuesday Blitz August 15 Late 2023"]
[White "Zampronha, Wladimir Camilo"]
[Black "Arencibia Monduy, Antonio"]
[WhiteFideId "2103087"]
[BlackFideId "3507939"]
[WhiteElo "2263"]
[BlackElo "2467"]
[Result "1-0"]
[Round "9"]
[TimeControl "180+1"]
[Date "2023.08.15"]
[WhiteClock "0:00:14"]
[BlackClock "0:00:00"]
[Board "81"]

1. e4 e6 2. d4 d5 3. Nc3 Bb4 4. e5 c5 5. a3 Bxc3+ 6. bxc3 Qc7 7. Qg4 Ne7 8. Qxg7 Rg8 9. Qxh7 cxd4 10. Ne2 dxc3 11. f4 Nbc6 12. Qd3 Bd7 13. Nxc3 a6 14. Rb1 Na5 15. h4 Rc8 16. Rh3 Nf5 17. h5 Nc4 18. h6 Rh8 19. h7 b5 20. g4 Ne7 21. Qd4 Nc6 22. Qc5 Qd8 23. Bxc4 Nxe5 24. Qd4 Rxc4 25. Qxe5 f6 26. Qh5+ Ke7 27. Bd2 Qb6 28. Re3 Rxc3 29. Rxc3 Qg1+ 30. Ke2 Qxb1 31. Be3 b4 32. axb4 Bb5+ 33. Kd2 Qf1 34. Bc5+ Kd8 35. Qh2 Qf3 36. Rxf3 1-0


[Site "https://www.chess.com"]

[Event "Titled Tuesday Blitz August 15 Late 2023"]
[White "Osmak, Yuliia"]
[Black "Barwinska, Ewa"]
[WhiteFideId "14101602"]
[BlackFideId "21833761"]
[WhiteElo "2508"]
[BlackElo "2301"]
[Result "1-0"]
[Round "9"]
[TimeControl "180+1"]
[Date "2023.08.15"]
[WhiteClock "0:01:36"]
[BlackClock "0:00:02"]
[Board "82"]

1. Nf3 c5 2. e4 d6 3. d4 cxd4 4. Nxd4 Nf6 5. Nc3 a6 6. Bg5 e6 7. f4 Qb6 8. Qd2 Qxb2 9. Rb1 Qa3 10. e5 dxe5 11. fxe5 Nfd7 12. Ne4 Qxa2 13. Rd1 Qd5 14. Qe3 Qxe5 15. Bc4 h6 16. Bf4 Qa5+ 17. c3 Be7 18. O-O Nc6 19. Nxe6 fxe6 20. Bxe6 Nde5 21. Nd6+ Bxd6 22. Rxd6 Ke7 23. Rxc6 bxc6 24. Bxc8 Raxc8 25. Bxe5 Kd8 26. Rd1+ Qd5 27. Rxd5+ cxd5 28. Bxg7 Re8 29. Qxh6 Rc4 30. Qd6+ Kc8 31. Qxa6+ 1-0


[Site "https://www.chess.com"]

[Event "Titled Tuesday Blitz August 15 Late 2023"]
[White "Topalov, Aleksandar"]
[Black "Gasparyan, David"]
[WhiteFideId "925659"]
[BlackFideId "13311980"]
[WhiteElo "2367"]
[BlackElo "2529"]
[Result "1-0"]
[Round "9"]
[TimeControl "180+1"]
[Date "2023.08.15"]
[WhiteClock "0:00:27"]
[BlackClock "0:00:00"]
[Board "83"]

1. b3 d5 2. Bb2 Bf5 3. Nf3 Nc6 4. e3 a6 5. a3 Qd7 6. c4 e6 7. Be2 Bd6 8. O-O Nf6 9. d3 O-O-O 10. Nbd2 h5 11. b4 dxc4 12. Nxc4 h4 13. e4 h3 14. g3 Bg6 15. e5 Be7 16. exf6 gxf6 17. d4 Qd5 18. Ne3 Qd7 19. Qa4 Be4 20. b5 Nb8 21. Nd2 Bg2 22. Rfc1 f5 23. d5 f4 24. Ng4 fxg3 25. hxg3 Bxd5 26. Nh2 Bg5 27. Ndf3 Bxc1 28. Rxc1 Rh5 29. Ne5 Qd6 30. bxa6 bxa6 31. Nc4 Bxc4 32. Qxc4 Rd5 33. Bf3 Rd2 34. Bc3 1-0


[Site "https://www.chess.com"]

[Event "Titled Tuesday Blitz August 15 Late 2023"]
[White "Mickiewicz, Piotr"]
[Black "rionelG"]
[WhiteFideId "1114891"]
[WhiteElo "2496"]
[BlackElo "2356"]
[Result "1-0"]
[Round "9"]
[TimeControl "180+1"]
[Date "2023.08.15"]
[WhiteClock "0:00:31"]
[BlackClock "0:00:14"]
[Board "84"]

1. e4 c5 2. Nf3 d6 3. d4 cxd4 4. Nxd4 Nf6 5. Nc3 a6 6. Bg5 Nbd7 7. f4 Qc7 8. Qf3 b5 9. Nd5 Nxd5 10. exd5 Bb7 11. O-O-O Rc8 12. Bd3 Nb6 13. Rhe1 Bxd5 14. Be4 Bxe4 15. Qxe4 d5 16. Qf5 g6 17. Qf6 Rg8 18. Rxe7+ Qxe7 19. Qxb6 Qe3+ 20. Kb1 Bc5 21. Qxa6 Kd7 22. Qxb5+ Kd6 23. Qa6+ Kd7 24. Qb7+ Rc7 25. Qxd5+ Ke8 26. Qd8# 1-0


[Site "https://www.chess.com"]

[Event "Titled Tuesday Blitz August 15 Late 2023"]
[White "Ouellet, Maili-Jade"]
[Black "Arutla, Aditya"]
[WhiteFideId "2620472"]
[BlackFideId "30961998"]
[WhiteElo "2333"]
[BlackElo "2485"]
[Result "0-1"]
[Round "9"]
[TimeControl "180+1"]
[Date "2023.08.15"]
[WhiteClock "0:00:33"]
[BlackClock "0:00:59"]
[Board "85"]

1. e4 c5 2. Nf3 Nc6 3. d4 cxd4 4. Nxd4 Nf6 5. Nc3 e5 6. Ndb5 d6 7. Bg5 a6 8. Na3 b5 9. Bxf6 gxf6 10. Nd5 f5 11. Bd3 Be6 12. O-O Bg7 13. c4 b4 14. Nc2 fxe4 15. Bxe4 Rb8 16. Nf6+ Qxf6 17. Bxc6+ Ke7 18. Ne3 Qg6 19. Qa4 e4 20. Qxa6 Bd4 21. Rad1 Bc5 22. Nd5+ Bxd5 23. Bxd5 Rhg8 24. Bxe4 Qxe4 25. Rfe1 Rxg2+ 26. Kh1 Rg4+ 27. f3 Rg1+ 28. Rxg1 Qxf3+ 0-1


[Site "https://www.chess.com"]

[Event "Titled Tuesday Blitz August 15 Late 2023"]
[White "Stachanczyk, Jacek"]
[Black "Herman, Matthew"]
[WhiteFideId "1116657"]
[BlackFideId "2028964"]
[WhiteElo "2334"]
[BlackElo "2473"]
[Result "1-0"]
[Round "9"]
[TimeControl "180+1"]
[Date "2023.08.15"]
[WhiteClock "0:00:24"]
[BlackClock "0:00:07"]
[Board "86"]

1. e4 c5 2. Nf3 Nc6 3. d4 cxd4 4. Nxd4 e6 5. Nc3 a6 6. Qd3 h5 7. Nxc6 bxc6 8. Bd2 d5 9. O-O-O Nf6 10. h3 Qc7 11. f4 Be7 12. Be2 h4 13. Rhf1 g6 14. Bf3 Rb8 15. Kb1 Rb4 16. exd5 cxd5 17. Ne2 Rb8 18. Bc3 Rb7 19. Be5 Qb6 20. b3 Rh7 21. Nd4 Nd7 22. Bg4 Nc5 23. Qf3 Bd7 24. Ne2 Qa5 25. Bc3 Qa3 26. Bb2 Qa5 27. Qe3 Kf8 28. Nd4 Qc7 29. Rde1 a5 30. f5 gxf5 31. Bxf5 Rg7 32. Bg4 Rxg4 33. hxg4 a4 34. Qh6+ Ke8 35. Qh8+ Bf8 36. Qxh4 axb3 37. axb3 Na4 38. bxa4 Rxb2+ 39. Kxb2 Qb6+ 40. Nb3 Bg7+ 41. Kb1 Bxa4 42. Qh3 Qb4 43. Qf3 f5 44. gxf5 Bc3 45. fxe6 Bxb3 46. Qf7+ Kd8 47. Qd7# 1-0


[Site "https://www.chess.com"]